 Dungeon Crawl Stone Soup version 0.28-a0-1184-g53156a8862 (webtiles) character file.

Game seed: 3793194961569052301

37256 bearlyready the Tainter (level 13, -19/111 HPs)
             Began as a Black Draconian Venom Mage on Dec 18, 2021.
             Was an Initiate of Gozag.
             Killed from afar by an ogre mage (44 damage)
             ... with a bolt of magma
             ... on level 2 of the Orcish Mines.
             The game lasted 00:37:49 (16718 turns).

bearlyready the Tainter (DrVM)                     Turns: 16718, Time: 00:37:50

Health: -19/111    AC: 11    Str: 10    XL:     13   Next: 57%
Magic:  12/25      EV: 18    Int: 20    God:    Gozag
Gold:   3695       SH:  5    Dex: 13    Spells: 11/28 levels left

rFire   . . .      SeeInvis +   Y - +2 short sword (elec)
rCold   + . .      Faith    .   P - +0 buckler
rNeg    . . .      Spirit   .   (armour unavailable)
rPois   .          Reflect  .   q - +0 mask of the Dragon {Will+ Slay+3 SInv}
rElec   +          Harm     .   i - +1 cloak
rCorr   .          Rampage  .   (no gloves)
Will    +....                   K - +0 pair of boots
Stlth   ++........              D - amulet of regeneration
HPRegen 1.08/turn               j - +4 ring of evasion
MPRegen 0.19/turn               U - ring of protection from cold

@: gold aura
A: breathe lightning, AC +8, unfitting armour, electricity resistance,
cold-blooded
a: Breathe Lightning, Renounce Religion, Potion Petition, Call Merchant, Bribe
Branch


You were on level 2 of the Orcish Mines.
You worshipped Gozag.
Gozag was most pleased with you.
You visited 3 branches of the dungeon, and saw 13 of its levels.
You also visited: Volcano.

You collected 4529 gold pieces.
You paid 834 gold pieces to Gozag.

Inventory:

Hand Weapons
 l - a +0 dagger of venom
 S - a +2 vorpal scimitar
 Y - a +2 short sword of electrocution (weapon)
Missiles
 e - 63 poisoned darts (quivered)
 A - 3 boomerangs
 V - a curare-tipped dart
Armour
 i - a +1 cloak (worn)
 q - the +0 mask of the Dragon (worn) {Will+ Slay+3 SInv}
   (You found it on level 10 of the Dungeon)

   Slay:      It affects your accuracy & damage with ranged weapons and melee
   (+3).
   SInv:      It lets you see invisible.
   Will:      It increases your willpower.
 F - a scarf of invisibility
 K - a +0 pair of boots (worn)
 P - a +0 buckler (worn)
 T - a +0 hat
 Z - a +0 kite shield
Magical Staves
 g - a staff of conjuration
 H - a staff of air
Jewellery
 j - a +4 ring of evasion (left hand)
 D - an amulet of regeneration (around neck)
 U - a ring of protection from cold (right hand)
Wands
 a - a wand of paralysis (5)
 N - a wand of iceblast (8)
 O - a wand of polymorph (7)
 W - a wand of flame (20)
Scrolls
 c - 2 scrolls of holy word
 f - 3 scrolls of vulnerability
 k - 6 scrolls of teleportation
 m - a scroll of blinking {unknown}
 n - a scroll of noise {unknown}
 s - 2 scrolls of brand weapon
 t - 3 scrolls of enchant weapon
 x - a scroll of fog
 B - 2 scrolls of amnesia
 Q - a scroll of magic mapping
 X - a scroll of enchant armour {unknown}
Potions
 b - 2 potions of flight
 d - a potion of haste {unknown}
 h - 2 potions of cancellation
 p - 3 potions of heal wounds
 u - a potion of lignification
 v - a potion of curing
 w - 2 potions of resistance
 z - 3 potions of berserk rage
 C - a potion of mutation
 E - 2 potions of might {unknown}
 G - 2 potions of brilliance {unknown}
 L - a potion of attraction {unknown}
 R - a potion of degeneration {unknown}


   Skills:
 - Level 9.0 Fighting
 - Level 3.1 Short Blades
 - Level 5.1 Dodging
 - Level 1.7 Stealth
 - Level 5.0 Shields
 - Level 8.0 Spellcasting
 + Level 10.2 Conjurations
 - Level 1.0 Transmutations
 + Level 12.1 Air Magic
 - Level 13.0 Poison Magic


You had 11 spell levels left.
You knew the following spells:

 Your Spells              Type           Power      Damage    Failure   Level
a - Sting                 Tmut/Pois      100%       1d8       1%          1
b - Olgreb's Toxic Radia  Pois           56%        N/A       1%          4
c - Mephitic Cloud        Conj/Pois/Air  53%        N/A       1%          3
d - Chain Lightning       Conj/Air       26%        3d34      100%        9

Your spell library contained the following spells:

 Spells                   Type           Power      Damage    Failure   Level
 Poisonous Vapours        Pois/Air       100%       N/A       1%          2
 Spider Form              Tmut/Pois      36%        N/A       1%          3
 Pain                     Necr           32%        1d5       9%          1
 Hailstorm                Conj/Ice       28%        3d8       11%         4
 Freezing Cloud           Conj/Ice/Air   18%        6-21      11%         5
 Ensorcelled Hibernation  Hex/Ice        16%        N/A       13%         2
 Silence                  Hex/Air        16%        N/A       19%         5
 Iron Shot                Conj/Erth      14%        9d4       85%         6
 Agony                    Necr           8%         N/A       93%         5
 Excruciating Wounds      Necr           4%         N/A       93%         5
 Simulacrum               Ice/Necr       4%         N/A       100%        6
 Spellforged Servitor     Conj/Summ      14%        N/A       100%        7
 Polar Vortex             Ice            4%         N/A       100%        9


Dungeon Overview and Level Annotations

Branches:
Dungeon (10/15)            Temple (1/1) D:7            Lair (0/6) D:9
    Orc (2/2) D:9             Elf (0/3) Orc:2       Volcano (visited)

Altars:
Ashenzari
Cheibriados
Dithmenos
Elyvilon
Fedhas
Gozag
Hepliaklqana
Kikubaaqudgha
Makhleb
Nemelex Xobeh
Okawaru
Qazlal
Ru
Sif Muna
Trog
Uskayaw
Vehumet
Wu Jian
Xom
Yredelemnul
Zin
The Shining One
Beogh

Annotations:
D:8 exclusions: oklob plant and oklob sapling
Orc:2 Snorg


Innate Abilities, Weirdness & Mutations

You can breathe wild blasts of lightning.
Your glossy black scales are hard. (AC +8)
You cannot fit into any form of body armour.
You are resistant to electric shocks. (rElec)
You are cold-blooded and may be slowed by cold attacks.


Message History

The ogre mage looks as sick as possible!
The ogre mage casts a spell.
The ogre mage flickers and vanishes for a moment.
The two-headed ogre barely misses you. The two-headed ogre closely misses you.
You kill the ogre!
The ogre mage looks as sick as possible!
The two-headed ogre looks as sick as possible!
You kill the ogre!
Your toxic aura wanes.
Things that are here:
21 gold pieces; a +0 giant spiked club
Things that are here:
a +0 giant club; a +0 giant spiked club; a +0 giant club
Things that are here:
a +0 robe; a +0 club The ogre mage gestures at the two-headed ogre while chanting.
The two-headed ogre seems to speed up.
Casting: Olgreb's Toxic Radiance (safe; 1% risk of failure)
Confirm with . or Enter, or press ? or * to list all spells.
You begin to radiate toxic energy.
The ogre mage looks as sick as possible! x2
The two-headed ogre hits you with a +0 giant club!
You block the two-headed ogre's attack.
You hit the two-headed ogre.
Lightning courses through the two-headed ogre!
You kill the two-headed ogre!
The ogre mage looks as sick as possible!
The ogre mage looks as sick as possible!
Your toxic aura wanes.
The ogre mage gestures at you while chanting.
The bolt of magma hits you!!
Things that are here:
15 gold pieces; a +0 giant club; a +0 giant spiked club The ogre mage gestures at you while chanting.
The bolt of magma hits you!!!
* * * LOW HITPOINT WARNING * * *
The ogre mage points at you and mumbles some strange words.
The bolt of magma hits you!!!
You die...
Your body crumbles into a pile of gold.

###..........####....)........#.#
.##......$.....##......)......#.#
........#......................##
........#........)...............
.................)...............
......#...........)..####.#.....)
......##..#.....$.....# ###<.....
....###...##..#......## ##.##..
....# ##.####.#.@)....## ##.#..
....# ### ####)#.....# **.###
##.## ##.$O####.## **,..* ,###
#..$.####### *,,.## **
##..........##**,,## **
*#....$.......#,,,,* ,*
#...###$.###....$,*** **
#..#*#....***,..,,,,*** *
#..*#......**,,,,,,,,*,


You could see an ogre mage (invisible, extremely poisoned).

Vanquished Creatures
  Jorgrun (Orc:1)
  Harold (D:7)
  2 ogre magi
  A centaur warrior (D:10)
  Erica (D:9)
  17 two-headed ogres
  A deep elf archer (Volcano)
  Pikel (D:7)
  7 deep elf pyromancers (Volcano)
  A manticore (D:7)
  2 ugly things (D:10)
  6 centaur zombies
  2 gargoyles (D:8)
  Joseph (D:9)
  Maggie (D:7)
  4 kobold demonologists
  An unseen horror (D:8)
  A troll (D:6)
  Grinder (D:3)
  A spriggan (D:10)
  20 yaks
  3 fire bats (Orc:2)
  2 basilisks
  A wyvern (D:10)
  4 fire elementals (Volcano)
  Menkaure (D:7)
  A steam dragon (D:9)
  2 wargs
  2 acid dragons
  4 water moccasins
  6 hell hounds (Volcano)
  A floating eye (D:10)
  12 orc warriors
  A black bear (D:8)
  3 ice beasts
  2 necrophages
  A sky beast (D:7)
  28 ogres
  8 centaurs
  2 lemures (D:7)
  A phantom (D:5)
  3 kobold brigands
  4 bullfrogs
  3 gnoll sergeants
  A wyvern zombie (D:7)
  2 scorpions (D:6)
  A killer bee (D:10)
  9 wights (D:10)
  3 howler monkeys
  Crazy Yiuf (D:2)
  2 hounds
  A jelly (D:4)
  13 orc priests
  A centaur skeleton (D:6)
  Jessica (D:2)
  A gnoll shaman (D:7)
  2 iguanas
  Ijyb (D:3)
  Terence (D:2)
  17 orc wizards
  2 killer bee zombies
  A hound skeleton (D:5)
  4 howler monkey zombies
  16 gnolls
  7 adders
  A shadow imp (D:7)
  2 white imps (D:7)
  An adder skeleton (D:4)
  A worm (D:4)
  3 dart slugs
  64 orcs
  7 bats
  8 endoplasms
  3 giant cockroaches
  10 goblins
  7 hobgoblins
  4 jackals
  18 kobolds
  3 quokkas
  13 ball pythons
  2 frilled lizards
  3 rats
405 creatures vanquished.

Vanquished Creatures (others)
  A wizard (D:10)
  An orc priest (D:8)
  8 plants (D:8)
10 creatures vanquished.

Grand Total: 415 creatures vanquished

Notes
Turn   | Place    | Note
-------+----------+-------------------------------------------
     0 | D:1      | bearlyready the Draconian Venom Mage began the quest for
                  | the Orb.
     0 | D:1      | Reached XP level 1. HP: 14/14 MP: 3/3
   353 | D:1      | Reached XP level 2. HP: 5/20 MP: 1/5
   656 | D:1      | Found a faded altar of an unknown god.
   940 | D:1      | Reached skill level 4 in Poison Magic
  1487 | D:2      | Reached XP level 3. HP: 26/26 MP: 6/6
  1640 | D:2      | Noticed Jessica
  1646 | D:2      | Noticed Terence
  2232 | D:2      | Killed Terence
  2233 | D:2      | Reached skill level 5 in Poison Magic
  2233 | D:2      | Reached XP level 4. HP: 32/33 MP: 2/7
  2396 | D:2      | Learned a level 4 spell: Olgreb's Toxic Radiance
  2500 | D:2      | Killed Jessica
  2704 | D:2      | Found a runed translucent door.
  2705 | D:2      | Noticed Crazy Yiuf
  2760 | D:2      | Killed Crazy Yiuf
  2761 | D:2      | Reached XP level 5. HP: 38/38 MP: 4/8
  2931 | D:3      | Noticed Grinder
  2942 | D:3      | Paralysed by Grinder for 7 turns
  2946 | D:3      | HP: 1/38 [Grinder/nerve-wracking pain (11)]
  2952 | D:3      | Paralysed by Grinder for 3 turns
  2960 | D:3      | Paralysed by Grinder for 7 turns
  2968 | D:3      | HP: 1/38 [Grinder (6)]
  2978 | D:3      | Killed Grinder
  2979 | D:3      | Reached skill level 7 in Poison Magic
  2979 | D:3      | Reached XP level 6. HP: 41/45 MP: 9/9
  3122 | D:3      | Noticed Ijyb
  3146 | D:3      | Killed Ijyb
  4257 | D:4      | Reached skill level 8 in Poison Magic
  4257 | D:4      | Your scales start taking on a glossy black colour.
  4257 | D:4      | Reached XP level 7. HP: 50/50 MP: 1/10
  4257 | D:4      | Gained mutation: You are resistant to electric shocks.
                  | (rElec) [Black Draconian growth]
  4526 | D:5      | Entered Level 5 of the Dungeon
  4588 | D:5      | Reached skill level 9 in Poison Magic
  5354 | D:5      | Reached skill level 1 in Fighting
  5354 | D:5      | Reached XP level 8. HP: 59/59 MP: 2/11
  5851 | D:6      | Reached skill level 10 in Poison Magic
  6200 | D:6      | Reached XP level 9. HP: 68/73 MP: 2/14
  6288 | D:6      | Reached skill level 5 in Fighting
  6454 | D:6      | Reached skill level 11 in Poison Magic
  6726 | D:6      | Reached skill level 5 in Spellcasting
  7778 | D:6      | Noticed a troll
  7832 | D:6      | Killed a troll
  8124 | D:7      | Noticed Pikel
  8137 | D:7      | Killed Pikel
  8138 | D:7      | Reached XP level 10. HP: 86/86 MP: 7/18
  8161 | D:7      | Noticed Menkaure
  8175 | D:7      | Killed Menkaure
  8305 | D:7      | Noticed a manticore
  8320 | D:7      | Killed a manticore
  8321 | D:7      | Reached skill level 1 in Conjurations
  8506 | D:7      | Found a basalt altar of Yredelemnul.
  8544 | D:7      | Noticed Maggie
  8555 | D:7      | Killed Maggie
  8709 | D:7      | Found a staircase to the Ecumenical Temple.
  8764 | Temple   | Entered the Ecumenical Temple
  8861 | Temple   | Became a worshipper of Gozag Ym Sagoz the Greedy
  9284 | D:7      | Found a burning altar of Makhleb.
  9549 | D:7      | Noticed Harold
  9578 | D:7      | Killed Harold
  9919 | D:8      | Found a shimmering blue altar of Sif Muna.
  9928 | D:8      | Found a hide-covered altar of Uskayaw.
  9930 | D:8      | Found a white marble altar of Elyvilon.
  9946 | D:8      | Found a hazy altar of Hepliaklqana.
  9949 | D:8      | Noticed a two-headed ogre
  9979 | D:8      | Killed a two-headed ogre
  9980 | D:8      | Reached skill level 1 in Short Blades
  9980 | D:8      | Reached skill level 5 in Dodging
 10113 | D:8      | Found an ornate altar of the Wu Jian Council.
 10353 | D:8      | Noticed a two-headed ogre
 10354 | D:8      | Noticed a gargoyle
 10364 | D:8      | Reached XP level 11. HP: 91/95 MP: 9/21
 10373 | D:8      | Killed a two-headed ogre
 10515 | D:9      | Noticed a two-headed ogre
 10534 | D:9      | Killed a two-headed ogre
 10553 | D:9      | Learned a level 3 spell: Mephitic Cloud
 10658 | D:9      | Noticed Joseph
 10677 | D:9      | Killed Joseph
 10678 | D:9      | Reached skill level 1 in Air Magic
 10678 | D:9      | Reached skill level 12 in Poison Magic
 10936 | D:9      | Reached skill level 1 in Shields
 11062 | D:9      | Found a staircase to the Lair.
 11262 | D:9      | Found a staircase to the Orcish Mines.
 11467 | D:10     | Entered Level 10 of the Dungeon
 11608 | D:10     | Found an iron altar of Okawaru.
 11662 | D:10     | Noticed an ogre mage
 11663 | D:10     | Noticed a two-headed ogre
 11682 | D:10     | Killed a two-headed ogre
 11690 | D:10     | Killed an ogre mage
 11733 | D:10     | Noticed a wizard
 11762 | D:9      | Identified 2 scrolls of acquirement
 11766 | D:9      | Acquired Sif Muna's Disquisition on Confrontation and Air
 11770 | D:9      | Acquired 759 gold pieces
 11782 | D:9      | Learned a level 9 spell: Chain Lightning
 11865 | D:10     | Noticed a swamp dragon
 11883 | D:10     | a swamp dragon changed into a floating eye
 11935 | D:10     | Killed a wizard
 12106 | D:10     | Noticed a two-headed ogre
 12156 | D:10     | Killed a two-headed ogre
 12254 | D:10     | Reached skill level 5 in Air Magic
 12269 | D:10     | Noticed a centaur warrior
 12376 | D:8      | Noticed Erica
 12386 | D:8      | Reached XP level 12. HP: 94/104 MP: 12/24
 12404 | D:9      | Killed Erica
 12497 | D:10     | Noticed a two-headed ogre
 12626 | D:10     | Found the +0 mask of the Dragon {Will+ Slay+3 SInv}
 12692 | D:10     | Killed a centaur warrior
 12829 | D:10     | Noticed a two-headed ogre
 12848 | D:10     | Killed a two-headed ogre
 12849 | D:10     | Reached skill level 5 in Conjurations
 12849 | D:10     | Reached skill level 13 in Poison Magic
 12939 | D:10     | Reached skill level 5 in Shields
 13108 | D:10     | Killed a two-headed ogre
 13955 | D:8      | Found a sparkling altar of Nemelex Xobeh.
 14416 | Orc:1    | Entered Level 1 of the Orcish Mines
 15084 | Orc:2    | Entered Level 2 of the Orcish Mines
 15084 | Orc:2    | Noticed Jorgrun
 15084 | Orc:2    | Noticed a two-headed ogre
 15099 | Orc:1    | Killed Jorgrun
 15180 | Orc:2    | Noticed Snorg
 15247 | Orc:2    | Found a dark tunnel.
 15273 | Volcano  | Entered a volcano
 15474 | Volcano  | Reached XP level 13. HP: 94/111 MP: 25/25
 15522 | Volcano  | Reached skill level 10 in Air Magic
 16239 | Orc:2    | Found a staircase to the Elven Halls.
 16420 | Orc:2    | Reached skill level 10 in Conjurations
 16718 | Orc:2    | Killed from afar by an ogre mage

Illustrated notes

Levels and vault maps discovered:
D:1:      lightli_arrival_isolated_outpost, layout_loops_corners,
          ebering_ecumenical_altar_abandoned, corexii_leaking_fountain
D:2:      layout_loops_ring, minmay_misc_feat_secret_circle, uniq_jessica,
          uniq_crazy_yiuf_cottage, uniq_terence
D:3:      minmay_diamond_boxcup, layout_loops_ring, hex_large, uniq_grinder,
          uniq_ijyb
D:4:      layout_basic, minmay_fractal_squares_gapless_5
D:5:      layout_basic, mumra_transporter_accident
D:6:      minmay_chambers_of_sixes, layout_basic
D:7:      layout_basic, mainiacjoe_overflow_alcove_2,
          mainiacjoe_overflow_tiny_flanked, minmay_temple_entry_grid,
          minmay_fractal_squares_diagonal_5, uniq_maggie, uniq_harold,
          uniq_pikel, uniq_menkaure
D:8:      minmay_bloctagon, layout_gridville, nemelex_spade_bored_becter,
          nicolae_overflow_quartered_altars, mainiacjoe_overflow_catwalk,
          introduction_to_nature_2, uniq_erica
D:9:      layout_roguey, lair_entry_dummy, hiddenorc1_lemuel,
          statue_in_the_mist_lemuel, uniq_joseph
D:10:     minmay_the_grid_net [minmay_the_grid_zigzag_pyramid,
          minmay_the_grid_embedded, minmay_the_grid_gridbox,
          minmay_the_grid_dragon_b, minmay_the_grid_mess,
          minmay_the_grid_prize_inner_circle], layout_irregular_city,
          okawaru_gym_becter, the_hattery
Temple:   cyrus_circular_temple
Orc:1:    layout_caves, basic_altar
Orc:2:    st_orc_ogre_mass, layout_diamond_mine, nicolae_volcano_entry_batcave,
          basic_altar, uniq_snorg, uniq_jorgrun

Skill      XL: |  1  2  3  4  5  6  7  8  9 10 11 12 13 |
---------------+----------------------------------------+-----
Poison Magic   | 4 5 7 8 9 10 11 12 13 | 13.0
Fighting       | 1 4 7 8 9 |  9.0
Spellcasting   | 3 5 7 8 |  8.0
Dodging        | 3 5 |  5.1
Conjurations   | 3 4 8 10 | 10.2
Short Blades   | 1 3 |  3.1
Air Magic      | 5 9 12 | 12.1
Shields        | 4 5 |  5.0
Stealth        | |  1.7
Transmutations | |  1.0

Action                   |  1- 3 |  4- 6 |  7- 9 | 10-12 | 13-15 || total
-------------------------+-------+-------+-------+-------+-------++-------
Melee: Unarmed           |     9 |       |       |       |       ||     9
       Dagger            |   103 |   115 |   180 |   113 |       ||   511
       Tailslap          |     6 |    14 |    22 |    56 |    11 ||   109
       Short sword       |       |       |       |   405 |    82 ||   487
Throw: Dart              |       |       |       |    14 |       ||    14
       Throwing net      |       |       |       |     8 |     5 ||    13
 Cast: Sting             |    30 |    37 |    36 |     8 |       ||   111
       Olgreb's Toxic Ra |       |     2 |    25 |   143 |    40 ||   210
       Mephitic Cloud    |       |       |       |     2 |       ||     2
Invok: Potion Petition   |       |       |       |     2 |       ||     2
 Abil: Breathe Lightning |       |       |     9 |    18 |       ||    27
Evoke: Wand              |       |       |     7 |    17 |     7 ||    31
  Use: Potion            |       |     2 |       |     4 |       ||     6
       Scroll            |       |     3 |     1 |    18 |       ||    22
 Stab: Sleeping          |     2 |     4 |       |       |       ||     6
       Distracted        |     1 |       |       |     3 |       ||     4
       Invisible         |       |       |       |     2 |       ||     2
       Held in net/web   |       |       |       |     1 |       ||     1
Armor: Skin              |    57 |    48 |    63 |   163 |    19 ||   350
Dodge: Dodged            |    97 |   119 |   200 |   518 |    67 ||  1001
Block: Buckler           |       |       |       |    72 |    18 ||    90

Table legend: (Time is in decaauts)
 A = Elapsed time spent in this place.
 B = Non-inter-level travel time spent in this place.
 C = Inter-level travel time spent in this place.
 D = Time resting spent in this place.
 E = Time spent auto-exploring this place.
 F = Levels seen in this place.
 G = Mean time per level.
                   A        B        C        D        E       F      G
               +--------+--------+--------+--------+--------+-----+--------+
         Total |  16739 |  16138 |    601 |   1045 |  10936 |  14 | 1195.6 |
       Dungeon |  14335 |  13832 |    503 |    875 |   9609 |  10 | 1433.5 |
        Temple |    107 |    107 |      0 |      0 |     70 |   1 |  107.0 |
  Orcish Mines |   1777 |   1680 |     97 |    122 |   1012 |   2 |  888.5 |
       Volcano |    518 |    518 |      0 |     48 |    245 |   1 |  518.0 |
               +--------+--------+--------+--------+--------+-----+--------+

Top non-repeatable levels by time:
     D:6: 2555 daAuts
    D:10: 1903 daAuts
     D:7: 1650 daAuts
     D:1: 1598 daAuts
     D:9: 1442 daAuts
     D:2: 1235 daAuts
     D:8: 1201 daAuts
     D:4: 1019 daAuts
   Orc:1: 937 daAuts
     D:5: 907 daAuts
   Orc:2: 840 daAuts
     D:3: 821 daAuts
 Volcano: 518 daAuts
  Temple: 107 daAuts
